 Dungeon Crawl Stone Soup version 0.14-a0-445-g388476e (webtiles) character file.

109 Ragg the Ruinous (level 3, -3/19 HPs)
             Began as a Deep Elf Conjurer on Oct 30, 2013.
             Killed from afar by an orc wizard (7 damage)
             ... with a magic dart
             ... on Level 2 of the Dungeon.
             The game lasted 00:04:23 (1704 turns).

Ragg the Ruinous (Deep Elf Conjurer)                Turns: 1704, Time: 00:04:25

HP  -3/19        AC  4     Str  6      XL: 3   Next: 35%
MP   6/9         EV 10     Int 22      God:
Gold 67          SH  0     Dex 15      Spells:  1 memorised,  4 levels left

Res.Fire  : . . .   See Invis. : .   j - +0 dagger
Res.Cold  : . . .   Warding    : .   e - +0 leather armour
Life Prot.: + . .   Conserve   : .   (no shield)
Res.Poison: .       Res.Corr.  : .   (no helmet)
Res.Elec. : .       Clarity    : .   r - +0 cloak (curse)
Sust.Abil.: . .     Spirit.Shd : .   (no gloves)
Res.Mut.  : .       Stasis     : .   (no boots)
Res.Rott. : .       Flight     : .   (no amulet)
Saprovore : . . .                    s - +3 ring of intelligence
                                     m - ring of positive energy {unknown}

@: slightly resistant to hostile enchantments, fairly stealthy
A: no striking features
a: no special abilities


You were on level 2 of the Dungeon.
You were not hungry.

You visited 1 branch of the dungeon, and saw 3 of its levels.

You collected 47 gold pieces.

Inventory:

Hand weapons
 j - a +0,+0 dagger (weapon)
Armour
 e - a +0 leather armour (worn)
 r - a cursed +0 cloak (worn)
Comestibles
 b - 3 bread rations
 l - a rotting chunk of bat flesh
 t - a beef jerky
Scrolls
 a - 2 scrolls of amnesia {unknown}
 d - a scroll of curse jewellery {unknown}
 i - a scroll of random uselessness {unknown}
 n - a scroll of noise {unknown}
 p - a scroll of curse weapon {unknown}
 q - a scroll of remove curse {unknown}
Jewellery
 m - a ring of positive energy (left hand) {unknown}
 s - a +3 ring of intelligence (right hand)
Potions
 f - 2 potions of curing {unknown}
 g - a potion of paralysis {unknown}
 h - a potion of mutation {unknown}
 o - a potion of might {unknown}
Books
 c - a book of Conjurations

   Spells                             Type                      Level
   *Magic Dart                        Conjuration                  1
   Searing Ray                        Conjuration                  2
   Dazzling Spray                     Conjuration/Hexes            3
   Iskenderun's Mystic Blast          Conjuration                  4
   Iskenderun's Battlesphere          Conjuration/Charms           4
   Fulminant Prism                    Conjuration/Hexes            5


   Skills:
 - Level 2.4 Dodging
 - Level 2.4 Stealth
 - Level 1.5 Spellcasting
 + Level 5.7 Conjurations


You had 4 spell levels left.
You knew the following spells:

 Your Spells              Type           Power        Failure   Level  Hunger
a - Magic Dart            Conj           ####         1%          1    #......


Dungeon Overview and Level Annotations

Branches:
Dungeon (3/27)

Altars:


Message History

Casting: Magic Dart
Confirm with . or Enter, or press ? or * to list all spells.
Aiming: Magic Dart
Press: ? - help, Shift-Dir - straight line, f/p - orc wizard
Aim: an orc wizard, wielding a short sword and wearing an orcish robe The magic dart hits the orc wizard.
The orc wizard hits you with a short sword.
It hits you but does no damage.
Casting: Magic Dart
Confirm with . or Enter, or press ? or * to list all spells.
Aiming: Magic Dart
Press: ? - help, Shift-Dir - straight line, f/p - orc wizard
Aim: an orc wizard, wielding a short sword and wearing an orcish robe The magic dart hits the orc wizard.
The orc wizard is lightly wounded.
The orc wizard hits you with a short sword.
* * * LOW HITPOINT WARNING * * *
You hear some strange, mumbled words.
The magic dart hits you!
You die...

########## #.@......#
#..o.....#
###############........#
.............).(%...%..#
###############........#
###%###### ###
#############.###############
..#
#.....[.........[.%..........
..#
#.###########.###############


You could see an orc wizard.

Vanquished Creatures
  An adder (D:2)
  A giant cockroach (D:1)
  3 goblins
  8 hobgoblins
  2 jackals (D:2)
  2 kobolds
  A ball python (D:1)
  5 bats
  2 giant newts
  8 rats
33 creatures vanquished.

Notes
Turn   | Place    | Note
--------------------------------------------------------------
     0 | D:1      | Ragg, the Deep Elf Conjurer, began the quest for the Orb.
     0 | D:1      | Reached XP level 1. HP: 10/10 MP: 4/4
   660 | D:1      | Reached XP level 2. HP: 15/15 MP: 1/6
   737 | D:1      | Reached skill level 5 in Conjurations
  1339 | D:2      | Reached XP level 3. HP: 19/19 MP: 6/9
  1704 | D:2      | Killed from afar by an orc wizard

Action                   || total
-------------------------++-------
Melee: Unarmed           ||     9
       Dagger            ||     9
 Cast: Magic Dart        ||    57
